 Dungeon Crawl Stone Soup version 0.25-a0-860-gf695395 (webtiles) character file.

Game seed: 14276550795091262148, levelgen mode: deterministic

18 BlueFish the Insei (level 2, -1/18 HPs)
             Began as an Octopode Transmuter on Apr 29, 2020.
             Slain by a leopard gecko (2 damage)
             ... on level 1 of the Dungeon.
             The game lasted 00:01:22 (271 turns).

BlueFish the Insei (Octopode Transmuter)             Turns: 271, Time: 00:01:23

Health: -1/18      AC:  1    Str:  9    XL:     2   Next: 66%
Magic:  4/5        EV: 13    Int: 15    God:
Gold:   0          SH:  0    Dex: 12    Spells: 4/5 levels left

rFire    . . .     SeeInvis .     - Unarmed
rCold    . . .     Gourm    .   (no shield)
rNeg     . . .     Faith    .   (helmet restricted)
rPois    .         Spirit   .   (no amulet)
rElec    .         Reflect  .   (no ring)
rCorr    .         Harm     .   (no ring)
MR       .....                  (no ring)
Stlth    ++........             (no ring)
HPRegen  0.06/turn              (no ring)
MPRegen  0.09/turn              (no ring)
                                (no ring)
                                (no ring)

@: no status effects
A: almost no armour, stealthy swim, amphibious, 8 rings, constrict 8, camouflage
1, gelatinous body 1
a: no special abilities


You were on level 1 of the Dungeon.
You were not hungry.

You visited 1 branch of the dungeon, and saw 1 of its levels.

Inventory:

Missiles
 a - 12 arrows
Potions
 d - a potion of magic
Comestibles
 b - 3 chunks of flesh
 c - a ration


   Skills:
 + Level 1.0 Fighting
 * Level 2.1 Dodging
 * Level 0.8 Stealth
 * Level 3.4 Unarmed Combat
 + Level 2.0 Spellcasting
 * Level 2.2 Transmutations


You had 4 spell levels left.
You knew the following spells:

 Your Spells              Type           Power        Failure   Level  Hunger
a - Beastly Appendage     Tmut           #.....       9%          1    #......

Your spell library contained the following spells:

 Spells                   Type           Power        Failure   Level  Hunger
 Sticks to Snakes         Tmut           #.......     14%         2    ###....
 Spider Form              Tmut/Pois      #.........   38%         3    ###....
 Ice Form                 Ice/Tmut       #.......     80%         4    #####..
 Blade Hands              Tmut           #.........   94%         5    ######.


Dungeon Overview and Level Annotations

Branches:
Dungeon (1/15)

Altars:


Innate Abilities, Weirdness & Mutations

You cannot wear most types of armour.
You are very stealthy in the water. (Stealth+)
You are amphibious.
You can wear up to eight rings at the same time.
You can use your tentacles to constrict eight enemies at once.
Your skin changes colour to match your surroundings (Stealth+).
Your rubbery body absorbs attacks. (AC +1, EV +1)


Message History

You miss the leopard gecko. Your grab misses the leopard gecko.
Your tentacle spike misses the leopard gecko.
The leopard gecko barely misses you.
As you read the scroll labeled EMYDESHEFU, it crumbles to dust.
It is a scroll of identify.
d - a potion of magic The leopard gecko barely misses you.
You barely miss the leopard gecko. Your grab misses the leopard gecko.
Your tentacle-slap misses the leopard gecko.
Your squeeze misses the leopard gecko. The leopard gecko misses you.
You barely miss the leopard gecko. You grab the leopard gecko.
You constrict the leopard gecko. The leopard gecko closely misses you.
You tentacle-slap the leopard gecko.
The leopard gecko is heavily wounded.
Your tentacle spike disappears.
You constrict the leopard gecko.
The leopard gecko bites you but does no damage.
A bat comes into view.
The leopard gecko bites you.
You die...

#.....####. #....
####.....#. #....
#####.###.#. #...# #.....#
#.#. #...# #.#######.#.
.####..l# #.# #[....#.
...b....# ######.# #.##..#.
####$...###....#.###..#..#.
........Kl@...........#..#.
.###....###.##.##.....#..#.
#........##.##.#####..#.
###########.##.# #..#.
#....# ####. ###### #....
#.### #.# #.###


You could see a leopard gecko, a bat and a kobold.

Vanquished Creatures
  A gnoll (D:1)
  2 bats (D:1)
  A giant cockroach (D:1)
  A goblin (D:1)
  A hobgoblin (D:1)
  A kobold (D:1)
  A rat (D:1)
8 creatures vanquished.

Notes
Turn   | Place    | Note
-------+----------+-------------------------------------------
     0 | D:1      | BlueFish the Octopode Transmuter began the quest for the
                  | Orb.
     0 | D:1      | Reached XP level 1. HP: 13/13 MP: 3/3
   261 | D:1      | Reached XP level 2. HP: 12/18 MP: 3/5
   271 | D:1      | Slain by a leopard gecko

Levels and vault maps discovered:
D:1:      dpeg_arrival_line_fractal, layout_basic, chequers_garden

Action                   || total
-------------------------++-------
Melee: Unarmed           ||    24
       Constrict         ||     8
       Tentacles         ||     4
       Kick              ||     2
 Cast: Beastly Appendage ||     2
  Use: Scroll            ||     1
 Stab: Sleeping          ||     1
Armor: Skin              ||     4
Dodge: Dodged            ||    21

Table legend:
 A = Non-vault XP
 B = Vault XP
 C = Vault XP percentage of total XP
 D = Non-vault monster count
 E = Vault monster count
 F = Vault count percentage of total count
                 A         B        C        D         E       F
            +---------+---------+-------+---------+---------+-------
      Total |      26 |       0 |   0.0 |       8 |       0 |   0.0
            +---------+---------+-------+---------+---------+-------
        D:1 |      26 |       0 |   0.0 |       8 |       0 |   0.0
            +---------+---------+-------+---------+---------+-------
